Map: Acid Plant LE

Players

cyan - Winner!

  • Race: Protoss Protoss
  • Spawn Location: 5:00

mLty

  • Race: Terran Terran
  • Spawn Location: 11:00

Event: WCS Austin 2018

VOD

Have the link to the VOD?

Description

Time

  • Played on: June 1, 2018, 1:36 p.m.
  • Length: 4:53

All games in this series

Show
View Real Time Build Order
Export as new Build Order

cyan Protoss - Winner!

Build Orders: 1 Gate Expand, Oracle Opening 

Get SALT Encoding   

  12  0:01  Probe  
  13  0:14  Probe  
  14  0:18  Pylon  
  14  0:25  Probe  
  15  0:33  Probe  
  15  0:37  Gateway  
  15  0:41  Probe  
  16  0:47  Assimilator  
  17  0:52  Probe  
  18  1:04  Probe  
  19  1:16  Probe  
  20  1:23  Nexus  
  20  1:33  Cybernetics Core  
  20  1:37  Probe  
  21  1:44  Assimilator  
  21  1:49  Probe  
  22  1:55  Pylon  
  22  2:01  Probe  
  22  2:05  Adept  
  23  2:14  Probe  
  26  2:18  Stargate  
  26  2:26  Probe, Warp Gate  
  27  2:31  Probe  
  27  2:32  Adept  
  30  2:38  Probe  
  30  2:39  Probe  
  32  2:49  Probe  
  32  2:50  Probe  
  33  2:51  Oracle  
  34  2:59  Adept  
  34  3:02  Probe  
  34  3:05  Probe  
  41  3:14  Probe  
  41  3:17  Probe  
  41  3:18  Pylon  
  43  3:20  Shield Battery  
  43  3:25  Oracle  
  43  3:26  Probe  
  44  3:38  Probe  
  44  3:39  Shield Battery  
  48  3:42  Probe  
  48  3:45  Gateway  
  48  3:48  Gateway  
  47  3:55  Pylon  
  47  3:56  Probe  
  47  3:58  Stalker  
  50  4:04  Oracle  
  50  4:09  Probe  
  54  4:10  Pylon  
  54  4:12  Pylon  
  54  4:14  Assimilator  
  52  4:33  Probe  
  53  4:38  Probe  
  53  4:42  Stalker x3  
  53  4:43  Assimilator  
Show
View Real Time Build Order
Export as new Build Order

mLty Terran 

Build Orders:  

Get SALT Encoding   

  12  0:00  SCV  
  13  0:13  SCV  
  14  0:19  Supply Depot  
  15  0:31  Refinery  
  15  0:32  SCV  
  15  0:44  SCV  
  15  0:47  Barracks  
  16  0:56  SCV  
  17  1:08  SCV  
  18  1:20  SCV  
  19  1:33  Orbital Command  
  19  1:34  Marine  
  20  1:52  Command Center  
  20  2:02  Factory  
  20  2:06  SCV  
  21  2:10  Barracks Reactor  
  21  2:18  SCV  
  21  2:20  Refinery  
  22  2:24  Supply Depot  
  22  2:37  SCV  
  23  2:45  Factory Tech Lab  
  23  2:46  Factory  
  23  2:48  Marine x2  
  25  2:53  SCV  
  26  3:04  Siege Tank  
  29  3:08  Marine x2  
  29  3:15  SCV  
  30  3:31  Factory Tech Lab  
  29  3:35  SCV  
  29  3:36  SCV, Siege Tank  
  34  3:46  Marine x2  
  32  3:54  Siege Tank  
  35  4:03  Orbital Command  
  35  4:04  Marine x2  
  35  4:05  SCV  
  38  4:22  Marine x2  
  36  4:30  SCV  
  37  4:31  SCV  
  38  4:38  Refinery  
Tags
 
Add a new tag
Caveats
  • Supply blocks, unpowered buildings, or Contaminate may cause inaccurate times.
  • Supply counts are checked every 10 seconds.